 Dungeon Crawl Stone Soup version 0.28-b1-25-g9875b3fc8c (webtiles) character file.

Game seed: 18236858727492566658

5027 Renzlar the Blocker (level 10, -4/82 HPs)
             Began as a Gnoll Fighter on Feb 1, 2022.
             Was an Initiate of Okawaru.
             Slain by a jiangshi (13 damage)
             ... created by the anger of Yredelemnul
             ... in a bailey on Feb 2, 2022.
             The game lasted 00:40:44 (8539 turns).

Renzlar the Blocker (Gnoll Fighter)                 Turns: 8539, Time: 00:40:45

Health: -4/82      AC: 18    Str: 19    XL:     10   Next: 55%
Magic:  17/18      EV: 11    Int:  7    God:    Okawaru [......]
Gold:   252        SH: 13    Dex: 13    Spells: 19/19 levels left

rFire   . . .      SeeInvis +   z - +0 war axe (spect)
rCold   x . .      Faith    .   u - +1 buckler
rNeg    . . .      Spirit   .   p - +0 chain mail
rPois   +          Reflect  +   r - +2 helmet
rElec   .          Harm     .   (no cloak)
rCorr   .          Rampage  .   (no gloves)
Will    +....                   k - +0 pair of boots
Stlth   ++........              l - amulet of Grace {Reflect rPois rC- SH+5 Stlth+}
HPRegen 0.23/turn               s - ring of see invisible
MPRegen 0.16/turn               q - ring of willpower

@: mighty, heroic, on berserk cooldown
A: fangs 1, strong nose, distributed training
a: Renounce Religion


You were in a bailey.
You worshipped Okawaru.
Okawaru was noncommittal.
You visited 2 branches of the dungeon, and saw 9 of its levels.
You also visited: Ossuary and Bailey.

You collected 477 gold pieces.
You spent 225 gold pieces at shops.

Inventory:

Hand Weapons
 a - a +4 broad axe of draining
 b - the +6 rapier "Suasae" {venom, *Slow rC+ Will+ Int+4}
   (You bought it in a shop on level 1 of the Dungeon)

   It poisons the flesh of those it strikes.
   Int:       It affects your intelligence (+4).
   rC:        It protects you from cold.
   *Slow:     It may slow you when you take damage.
   Will:      It increases your willpower.
 c - a +0 fustibalus
 j - a +3 dagger
 v - the +9 mace of Bloody Death {antimagic, rElec rPois Stlth+}
   (You found it on level 4 of the Dungeon)

   It reduces the magical energy of the wielder, and disrupts the spells and
   magical abilities of those it strikes.
   Natural abilities and divine invocations are not affected.
   rElec:     It insulates you from electricity.
   rPois:     It protects you from poison.
   Stlth:     It makes you more stealthy.
 z - a +0 spectral war axe (weapon)
Missiles
 e - 143 stones
 i - 4 curare-tipped darts (quivered)
 C - 22 bolts
 D - 61 sling bullets
Armour
 k - a +0 pair of boots (worn)
 p - a +0 chain mail (worn)
 r - a +2 helmet (worn)
 u - a +1 buckler (worn)
 G - a +0 scale mail
Jewellery
 g - a ring of protection from cold
 h - a ring of fire
 l - the amulet of Grace (around neck) {Reflect rPois rC- SH+5 Stlth+}
   (You found it on level 3 of the Dungeon)

   [amulet of reflection]

   It reflects blocked missile attacks.
   rC:        It makes you vulnerable to cold.
   rPois:     It protects you from poison.
   SH:        It affects your SH (+5).
   Stlth:     It makes you more stealthy.
 m - a +6 ring of strength
 q - a ring of willpower (right hand)
 s - a ring of see invisible (left hand)
 H - a ring of resist corrosion
Wands
 o - a wand of flame (46)
 y - a wand of polymorph (8)
 E - a wand of iceblast (26)
 K - a wand of paralysis (11)
Scrolls
 d - a scroll of teleportation
 f - 4 scrolls of summoning
 A - a scroll of blinking
 I - 2 scrolls of enchant armour
Potions
 n - a potion of curing
 t - 2 potions of lignification
 w - 2 potions of heal wounds
 x - a potion of might
 B - 2 potions of flight
 J - a potion of haste
 M - a potion of cancellation


   Skills:
 + Level 8.6(13.6) Fighting
 + Level 5.4(10.4) Short Blades
 + Level 5.4(10.4) Long Blades
 + Level 7.1(12.1) Axes
 + Level 5.4(10.4) Maces & Flails
 + Level 5.4(10.4) Polearms
 + Level 5.4(10.4) Staves
 + Level 5.4(10.4) Slings
 + Level 5.4(10.4) Bows
 + Level 5.4(10.4) Crossbows
 + Level 5.4(10.4) Throwing
 + Level 8.6(13.6) Armour
 + Level 5.4(10.4) Dodging
 + Level 5.4(10.4) Stealth
 + Level 8.6(13.6) Shields
 + Level 5.4(10.4) Unarmed Combat
 + Level 5.4 Spellcasting
 + Level 4.4 Conjurations
 + Level 4.4 Hexes
 + Level 4.4 Summonings
 + Level 4.4 Necromancy
 + Level 4.4 Translocations
 + Level 4.4 Transmutations
 + Level 4.4 Fire Magic
 + Level 4.4 Ice Magic
 + Level 4.4 Air Magic
 + Level 4.4 Earth Magic
 + Level 4.4 Poison Magic
 + Level 5.9 Invocations
 + Level 5.4 Evocations


You had 19 spell levels left.
You didn't know any spells.
Your spell library contained the following spells:

 Spells                   Type           Power      Damage    Failure   Level
 Pain                     Necr           32%        1d5       32%         1
 Static Discharge         Conj/Air       8%         N/A       43%         2
 Ignite Poison            Fire/Tmut/Pois 8%         N/A       67%         3
 Mephitic Cloud           Conj/Pois/Air  8%         N/A       67%         3
 Vampiric Draining        Necr           8%         2d6       67%         3
 Dispel Undead            Necr           8%         3d8       97%         4
 Sticky Flame             Conj/Fire      8%         2d3       97%         4
 Alistair's Intoxication  Tmut/Pois      5%         N/A       100%        5
 Borgnjor's Vile Clutch   Necr/Erth      4%         N/A       100%        5
 Freezing Cloud           Conj/Ice/Air   4%         6-21      100%        5
 Eringya's Noxious Bog    Tmut/Pois      4%         N/A       100%        6
 Animate Skeleton         Necr           Unusable   N/A       N/A         1

Dungeon Overview and Level Annotations

Branches:
Dungeon (8/15)             Temple (1/1) D:5         Ossuary (visited)
 Bailey (1/1)
   Lair: D:8-11

Altars:
Ashenzari
Kikubaaqudgha
Okawaru
Xom
Yredelemnul

Shops:
D:1 *   D:3 =

Portals:
Abyss: D:4

Annotations:
D:4 2 transporters, BeavisTheGrey's ghost, amateur HOFi
D:5 1 runed translucent door, reversiblehash's ghost, amateur MiFi


Innate Abilities, Weirdness & Mutations

You have very sharp teeth.
Your uncanny sense of smell can sniff out nearby items.
Your experience applies equally to all skills.


Message History

Your spectral weapon shares its damage with you!
The jiangshi claws your +0 spectral war axe.
Your spectral weapon shares its damage with you!
Unknown command.
You hit the jiangshi but do no damage.
The jiangshi is heavily damaged.
You hit the skeletal warrior but do no damage.
You closely miss the jiangshi.
Your +0 spectral war axe hits the skeletal warrior.
Your +0 spectral war axe closely misses the jiangshi.
The jiangshi claws you!
The jiangshi draws strength from your injuries!
The jiangshi claws you but does no damage.
You block the jiangshi's attack. x2
The skeletal warrior closely misses you.
Unknown command.
You hit the jiangshi but do no damage.
The jiangshi is heavily damaged.
You closely miss the skeletal warrior. You hit the jiangshi but do no damage.
Your +0 spectral war axe hits the skeletal warrior.
Your +0 spectral war axe hits the jiangshi but does no damage.
The jiangshi barely misses your +0 spectral war axe.
The jiangshi closely misses your +0 spectral war axe.
You block the skeletal warrior's attack.
The jiangshi misses your +0 spectral war axe.
The jiangshi claws your +0 spectral war axe but does no damage.
You block the jiangshi's attack. The jiangshi closely misses you.
Unknown command.
You feel very mighty all of a sudden. The jiangshi claws you.
The jiangshi draws strength from your injuries!
The jiangshi barely misses you. The jiangshi claws you.
The jiangshi draws strength from your injuries!
You block the jiangshi's attack.
The skeletal warrior hits you with a +0 long sword!
The jiangshi claws you!
* * * LOW HITPOINT WARNING * * *
The jiangshi draws strength from your injuries!
The jiangshi claws you!
You die...

# ##### .. ##...##
... ##.....##
....#######.......##
.8...........8..8.!##
.(.....zV§..........#
(.....V@§...........#
.....#')'#......8...#
..# #≈≈≈####......##
≈≈≈≈≈≈≈≈#.....##♣
#≈.8...8.≈#....##.♣
##.......###'###..♣♣
≈≈.8...8.≈ #.≈≈≈...♣
≈.........≈#.≈≈≈...♣♣
..∩... #)≈≈≈...∩♣


You could see a skeletal warrior and 2 jiangshi.

Vanquished Creatures
  An orc warlord (Bailey)
  Pikel (D:6)
  An orc knight (Bailey)
  A phantasmal warrior (Bailey)
  Grinder (D:6)
  Sigmund (D:6)
  A vampire (D:6)
  5 yaks (D:7)
  Edmund (D:4)
  2 water moccasins
  A sky beast (D:7)
  2 ogres
  A phantom (D:3)
  2 lemures (D:6)
  A scorpion (D:6)
  3 water moccasin skeletons
  3 wights (D:8)
  A centaur zombie (D:8)
  3 hounds
  A jelly (D:5)
  3 orc priests
  A bullfrog skeleton (D:6)
  A centaur skeleton (D:5)
  2 gnoll shamans (D:6)
  Ijyb (D:5)
  3 iguanas
  6 orc wizards
  A scorpion zombie (D:5)
  A killer bee zombie (D:7)
  A mummy (Ossuary)
  A howler monkey zombie (D:3)
  15 gnolls
  4 adders
  A white imp (D:6)
  An adder skeleton (D:4)
  A dart slug (D:4)
  26 orcs
  2 spectral bats (Ossuary)
  4 bats
  2 endoplasms (D:1)
  5 giant cockroaches
  12 gnoll zombies (Ossuary)
  5 hobgoblins
  5 jackals (D:1)
  17 kobolds
  9 quokkas
  3 ball pythons
  8 bat simulacra (Ossuary)
  3 frilled lizards
  10 goblins
  2 goblin simulacra (Ossuary)
  4 goblin zombies (Ossuary)
  6 hobgoblin zombies (Ossuary)
  2 kobold simulacra (Ossuary)
  3 kobold zombies (Ossuary)
  5 orc zombies (Ossuary)
  4 rats
  2 rat simulacra (Ossuary)
  2 spectral goblins (Ossuary)
  4 spectral kobolds (Ossuary)
  3 spectral rats (Ossuary)
224 creatures vanquished.

Vanquished Creatures (collateral kills)
  2 howler monkeys (D:7)
  A howler monkey zombie (D:7)
  A giant cockroach (D:6)
4 creatures vanquished.

Vanquished Creatures (others)
  2 giant cockroach zombies (D:6)
  5 gnoll zombies (D:6)
  A quokka zombie (D:6)
  2 withered plants (D:5)
10 creatures vanquished.

Grand Total: 238 creatures vanquished

Notes
Turn   | Place    | Note
-------+----------+-------------------------------------------
     0 | D:1      | Renzlar the Gnoll Fighter began the quest for the Orb.
     0 | D:1      | Reached XP level 1. HP: 23/23 MP: 1/1
    47 | D:1      | Reached XP level 2. HP: 29/29 MP: 2/2
   546 | D:1      | Reached XP level 3. HP: 25/35 MP: 3/3
   643 | D:1      | Found Gayf's Assorted Antiques.
   799 | D:1      | Reached skill level 1 in Short Blades
   799 | D:1      | Reached skill level 1 in Long Blades
   799 | D:1      | Reached skill level 1 in Maces & Flails
   799 | D:1      | Reached skill level 1 in Polearms
   799 | D:1      | Reached skill level 1 in Staves
   799 | D:1      | Reached skill level 1 in Slings
   799 | D:1      | Reached skill level 1 in Bows
   799 | D:1      | Reached skill level 1 in Crossbows
   799 | D:1      | Reached skill level 1 in Throwing
   799 | D:1      | Reached skill level 1 in Dodging
   799 | D:1      | Reached skill level 1 in Stealth
   799 | D:1      | Reached skill level 1 in Unarmed Combat
   799 | D:1      | Reached skill level 1 in Spellcasting
   799 | D:1      | Reached skill level 1 in Invocations
   799 | D:1      | Reached skill level 1 in Evocations
   799 | D:1      | Reached XP level 4. HP: 31/41 MP: 5/5
  1257 | D:1      | Reached skill level 1 in Conjurations
  1257 | D:1      | Reached skill level 1 in Hexes
  1257 | D:1      | Reached skill level 1 in Summonings
  1257 | D:1      | Reached skill level 1 in Necromancy
  1257 | D:1      | Reached skill level 1 in Translocations
  1257 | D:1      | Reached skill level 1 in Transmutations
  1257 | D:1      | Reached skill level 1 in Fire Magic
  1257 | D:1      | Reached skill level 1 in Ice Magic
  1257 | D:1      | Reached skill level 1 in Air Magic
  1257 | D:1      | Reached skill level 1 in Earth Magic
  1257 | D:1      | Reached skill level 1 in Poison Magic
  1970 | D:2      | Reached XP level 5. HP: 47/47 MP: 6/6
  2568 | D:3      | Found a faded altar of an unknown god.
  2573 | D:3      | Identified the amulet of Grace {Reflect rPois rC- SH+5
                  | Stlth+}
  2665 | D:3      | Noticed a phantom
  2671 | D:3      | Killed a phantom
  2672 | D:3      | Reached XP level 6. HP: 53/53 MP: 8/8
  2692 | D:3      | Found Xedghodwe's Jewellery Boutique.
  2777 | D:4      | Noticed Edmund
  2795 | D:4      | Killed Edmund
  2796 | D:4      | Reached skill level 5 in Axes
  3034 | D:4      | Reached XP level 7. HP: 53/60 MP: 10/10
  3215 | D:4      | Found a transporter.
  3252 | D:4      | Found a one-way gate to the infinite horrors of the Abyss.
  3263 | D:4      | Noticed BeavisTheGrey's ghost (amateur HOFi)
  3269 | D:4      | Found a transporter.
  3334 | D:4      | Identified the +9 mace of Bloody Death {antimagic, rElec
                  | rPois Stlth+}
  3727 | D:5      | Entered Level 5 of the Dungeon
  4018 | D:5      | Noticed Ijyb
  4022 | D:5      | Killed Ijyb
  4171 | D:5      | Found a runed translucent door.
  4171 | D:5      | Noticed reversiblehash's ghost (amateur MiFi)
  4343 | D:5      | Reached XP level 8. HP: 67/67 MP: 12/12
  4472 | D:5      | Identified a scroll of acquirement
  4472 | D:5      | Acquired a +4 broad axe of draining
  4475 | D:5      | Found a staircase to the Ecumenical Temple.
  4567 | D:6      | Noticed Pikel
  4591 | D:6      | Killed Pikel
  4831 | D:1      | Bought an ancient rapier for 225 gold pieces
  4831 | D:1      | Identified the +6 rapier "Suasae" {venom, *Slow rC+ Will+
                  | Int+4} (You bought it in a shop on level 1 of the Dungeon)
  5142 | D:6      | Noticed a vampire
  5173 | D:6      | Killed a vampire
  5438 | D:6      | Reached XP level 9. HP: 72/72 MP: 14/14
  5518 | D:6      | Noticed Sigmund
  5540 | D:6      | Killed Sigmund
  5726 | Temple   | Entered the Ecumenical Temple
  5741 | Temple   | Became a worshipper of Yredelemnul the Dark
  5951 | D:6      | Noticed Grinder
  5968 | D:6      | Paralysed by Grinder for 2 turns
  5979 | D:6      | Killed Grinder
  6157 | D:6      | Reached * piety under Yredelemnul
  6330 | D:7      | Reached skill level 5 in Invocations
  6333 | D:7      | Reached ** piety under Yredelemnul
  6334 | D:7      | Reached *** piety under Yredelemnul
  6508 | D:7      | Found a sand-covered staircase.
  6516 | Ossuary  | Entered an ossuary
  6619 | Ossuary  | Reached XP level 10. HP: 80/80 MP: 17/17
  7017 | D:7      | Noticed a cyclops
  7595 | Temple   | Fell from the grace of Yredelemnul
  7595 | Temple   | Became a worshipper of Warmaster Okawaru
  7653 | D:8      | Reached skill level 5 in Short Blades
  7653 | D:8      | Reached skill level 5 in Long Blades
  7653 | D:8      | Reached skill level 5 in Maces & Flails
  7653 | D:8      | Reached skill level 5 in Polearms
  7653 | D:8      | Reached skill level 5 in Staves
  7653 | D:8      | Reached skill level 5 in Slings
  7653 | D:8      | Reached skill level 5 in Bows
  7653 | D:8      | Reached skill level 5 in Crossbows
  7653 | D:8      | Reached skill level 5 in Throwing
  7653 | D:8      | Reached skill level 5 in Dodging
  7653 | D:8      | Reached skill level 5 in Stealth
  7653 | D:8      | Reached skill level 5 in Unarmed Combat
  7653 | D:8      | Reached skill level 5 in Spellcasting
  7653 | D:8      | Reached skill level 5 in Evocations
  7882 | D:8      | Found a flagged portal.
  7890 | Bailey   | Entered a bailey
  7896 | Bailey   | Noticed an orc warlord
  7907 | Bailey   | Noticed a phantasmal warrior
  7916 | Bailey   | Killed a phantasmal warrior
  8222 | Bailey   | Noticed an orc knight
  8238 | Bailey   | Killed an orc knight
  8448 | Bailey   | Found a runed translucent gate.
  8450 | Bailey   | Found a runed translucent gate.
  8478 | Bailey   | Found a runed translucent gate.
  8505 | Bailey   | Killed an orc warlord
  8505 | Bailey   | Reached * piety under Okawaru
  8531 | Bailey   | Noticed a skeletal warrior
  8531 | Bailey   | Noticed a jiangshi
  8531 | Bailey   | Noticed a jiangshi
  8539 | Bailey   | Slain by a jiangshi

Illustrated notes

Levels and vault maps discovered:
D:1:      dpeg_arrival_short_road, layout_rooms, serial_shops, shop,
          corner_web_ring, minmay_box_of_dots
D:2:      layout_loops_corners, grunt_ministairs_1, nicolae_grassy_gnolls
D:3:      minmay_angry_zag, layout_basic, serial_shops,
          nicolae_shop_hallway_plus, shapermc_ecumenical_altar_mp_highgroup
D:4:      layout_basic, gammafunk_ghost_abyssal_escape, uniq_edmund
D:5:      layout_basic, minmay_temple_entry_from_below_b, gammafunk_ghost_grave,
          st_stairs_7, uniq_ijyb
D:6:      layout_loops_ring, gup_sewer_entry_pipe, uniq_sigmund, uniq_grinder,
          uniq_pikel
D:7:      layout_gridville, lightli_ossuary_entry_decrepit_ruins,
          lightli_corner_chamber
D:8:      layout_layer_cave, enter_bailey_6
Temple:   mainiacjoe_temple_archimedes_tessellation
Bailey:   bailey_axe_bossmonster_kennysheep, bailey

Skill      XL: |  1  2  3  4  5  6  7  8  9 10 |
---------------+-------------------------------+-----
Short Blades   | 1 2 3 4 5 |  5.4
Long Blades    | 1 2 3 4 5 |  5.4
Maces & Flails | 1 2 3 4 5 |  5.4
Polearms       | 1 2 3 4 5 |  5.4
Staves         | 1 2 3 4 5 |  5.4
Slings         | 1 2 3 4 5 |  5.4
Bows           | 1 2 3 4 5 |  5.4
Crossbows      | 1 2 3 4 5 |  5.4
Throwing       | 1 2 3 4 5 |  5.4
Dodging        | 1 2 3 4 5 |  5.4
Stealth        | 1 2 3 4 5 |  5.4
Unarmed Combat | 1 2 3 4 5 |  5.4
Spellcasting   | 1 2 3 4 5 |  5.4
Invocations    | 1 2 3 4 5 |  5.9
Evocations     | 1 2 3 4 5 |  5.4
Conjurations   | 1 2 3 4 |  4.4
Hexes          | 1 2 3 4 |  4.4
Summonings     | 1 2 3 4 |  4.4
Necromancy     | 1 2 3 4 |  4.4
Translocations | 1 2 3 4 |  4.4
Transmutations | 1 2 3 4 |  4.4
Fire Magic     | 1 2 3 4 |  4.4
Ice Magic      | 1 2 3 4 |  4.4
Air Magic      | 1 2 3 4 |  4.4
Earth Magic    | 1 2 3 4 |  4.4
Poison Magic   | 1 2 3 4 |  4.4
Axes           | 5 6 7 |  7.1
Fighting       | 7 8 |  8.6
Armour         | 7 8 |  8.6
Shields        | 7 8 |  8.6

Action                   |  1- 3 |  4- 6 |  7- 9 | 10-12 || total
-------------------------+-------+-------+-------+-------++-------
Melee: War axe           |    69 |   103 |    84 |    78 ||   334
       Bite              |     8 |     7 |    38 |    11 ||    64
       Mace              |       |       |    41 |       ||    41
       Rapier            |       |       |    88 |    35 ||   123
       Broad axe         |       |       |     4 |       ||     4
 Fire: Fustibalus        |       |       |    54 |    42 ||    96
Throw: Dart              |       |     1 |       |     2 ||     3
       Stone             |       |     1 |       |       ||     1
Invok: Recall Undead Har |       |       |     3 |       ||     3
       Heroism           |       |       |       |     1 ||     1
  Use: Scroll            |       |     6 |     8 |     8 ||    22
       Potion            |       |       |     3 |     3 ||     6
 Stab: Distracted        |       |     1 |     1 |     1 ||     3
       Sleeping          |       |     1 |       |       ||     1
Armor: Scale mail        |    40 |    36 |       |       ||    76
       Chain mail        |       |       |    75 |    25 ||   100
       Skin              |       |       |       |     5 ||     5
Dodge: Dodged            |    30 |    35 |    77 |    32 ||   174
Block: Buckler           |    18 |    25 |   101 |    42 ||   186
       Reflection        |       |       |     2 |     3 ||     5
